 Dungeon Crawl Stone Soup version 0.18-a0-1006-g6b5bfb2 (console) character file.

182 FIQ the Cudgeler (level 5, -2/38 HPs)
             Began as a Demonspawn Wanderer on Jan 6, 2016.
             Killed from afar by an orc wizard (7 damage)
             ... with a magic dart
             ... on level 3 of the Dungeon.
             The game lasted 00:12:39 (3420 turns).

FIQ the Cudgeler (Demonspawn Wanderer)              Turns: 3420, Time: 00:12:39

Health: -2/38      AC:  7    Str:  9    XL:     5   Next: 34%
Magic:  9/9        EV: 10    Int: 15    God:
Gold:   108        SH:  0    Dex: 15    Spells: 1 memorised, 8 levels left

rFire  . . .     SeeInvis .     b - +0 mace
rCold  + . .     Gourm    .     i - +2 leather armour {rC+}
rNeg   . . .     Faith    .     (no shield)
rPois  .         Spirit   .     (helmet restricted)
rElec  .         Dismiss  .     e - +1 cloak {+Inv}
rCorr  .         Reflect  .     (no gloves)
SustAt .         Harm     .     (no boots)
MR     .....                    m - amulet of inaccuracy (curse)
Stlth  ++++......               (no ring)
                                (no ring)

@: not resistant to hostile enchantments, stealthy
A: antennae 1, nightstalker 2
a: Evoke Invisibility


You were on level 3 of the Dungeon.
You were near starving.

You visited 1 branch of the dungeon, and saw 3 of its levels.

You collected 108 gold pieces.

Inventory:

Hand Weapons
 b - a +0 mace (weapon)
Armour
 e - a +1 cloak of invisibility (worn)
 i - a +2 leather armour of cold resistance (worn)
Jewellery
 m - a cursed amulet of inaccuracy (around neck)
Scrolls
 c - a scroll of teleportation
 n - 3 scrolls of identify {unknown}
 o - 4 scrolls of remove curse {unknown}
Potions
 j - a potion of curing
Books
 a - a book of Minor Magic

   Spells                             Type                      Level
   a - Magic Dart                     Conjuration                  1
   b - Blink                          Translocation                2
   c - Call Imp                       Summoning                    2
   d - Repel Missiles                 Charms/Air                   2
   e - Slow                           Hexes                        2
   f - Conjure Flame                  Conjuration/Fire             3
   g - Mephitic Cloud                 Conjuration/Poison/Air       3
 q - a book of Air

   Spells                             Type                      Level
   a - Shock                          Conjuration/Air              1
   b - Swiftness                      Charms/Air                   2
   c - Repel Missiles                 Charms/Air                   2
   d - Static Discharge               Conjuration/Air              3
   e - Lightning Bolt                 Conjuration/Air              5
Comestibles
 f - 3 bread rations
 g - 2 meat rations
 l - a fruit
 p - a slice of pizza


   Skills:
 + Level 2.0 Fighting
 + Level 4.5 Maces & Flails
 - Level 1.0 Throwing
 - Level 1.0 Stealth
 + Level 3.0 Spellcasting
   Level 1.0 Conjurations
 * Level 2.4 Charms


You had 8 spell levels left.
You knew the following spells:

 Your Spells              Type           Power        Failure   Level  Hunger
a - Repel Missiles        Chrm/Air       #.....       30%         2    ##.....


Dungeon Overview and Level Annotations

Branches:
Dungeon (3/15)

Altars:
Ashenzari
Dithmenos
Elyvilon
Fedhas
Gozag
Trog

Annotations:
D:3 sefie's ghost, amateur DgSk


Innate Abilities, Weirdness & Mutations

You have a pair of small antennae on your head.
You are significantly more attuned to the shadows.


Message History

The ooze barely misses you. The orc hits you but does no damage.
The orc barely misses you. The orc hits you but does no damage.
You are too injured to fight recklessly!
You are too injured to fight recklessly!
You are too injured to fight recklessly!
You are too injured to fight recklessly!
You miss the orc wizard.
The orc wizard is severely wounded.
The orc wizard hits you but does no damage.
The ooze hits you.
* * * LOW HITPOINT WARNING * * *
The orc closely misses you. x2
The orc wizard hits you but does no damage.
The orc hits you but does no damage.
You barely miss the orc wizard.
The orc wizard is severely wounded.
The orc wizard hits you but does no damage.
The ooze completely misses you. The orc barely misses you.
The orc barely misses you. The orc closely misses you.
The orc wizard points at you and mumbles some strange words.
The magic dart hits you!
You die...

#.........###########.#.######
#.......g.##........#........(
#.........).........#...######
#.........##.########....#
#.........##.# #....#
##+#########.# #.#..# #####.##
#.#...# #......# #.##..#
#......#### .... #....o....#
..#.# #....o@...# ....#
.....oJo..# ###...w...#
#.......# #.......# #.......#


You could see a worm, an orc wizard, an ooze and 3 orcs.

Vanquished Creatures
  Crazy Yiuf (D:2)
  2 orc wizards (D:3)
  5 adders
  A giant gecko (D:2)
  7 orcs (D:3)
  5 bats (D:2)
  9 giant cockroaches
  6 goblins
  5 hobgoblins
  6 jackals (D:3)
  3 kobolds (D:2)
  A quokka (D:1)
  3 giant newts
  15 rats
69 creatures vanquished.

Notes
Turn   | Place    | Note
--------------------------------------------------------------
     0 | D:1      | FIQ the Demonspawn Wanderer began the quest for the Orb.
     0 | D:1      | FIQ set off with: a book of Minor Magic, a +0 mace, a scroll of teleportation, a +0 robe, a bread ration
     0 | D:1      | Reached XP level 1. HP: 15/15 MP: 3/3
    92 | D:1      | Gained mutation: You have a pair of small antennae on your head. [demonic ancestry]
    92 | D:1      | Reached XP level 2. HP: 12/21 MP: 5/5
   326 | D:1      | Reached skill level 4 in Maces & Flails
   439 | D:1      | Learned a level 2 spell: Repel Missiles
  1019 | D:2      | Gained mutation: You are slightly more attuned to the shadows. [demonic ancestry]
  1019 | D:2      | Reached XP level 3. HP: 11/26 MP: 6/6
  1025 | D:2      | Reached skill level 1 in Charms
  1342 | D:2      | Noticed Crazy Yiuf
  1353 | D:2      | Killed Crazy Yiuf
  1451 | D:2      | Gained mutation: You are significantly more attuned to the shadows. [demonic ancestry]
  1451 | D:2      | Reached XP level 4. HP: 6/33 MP: 7/7
  1472 | D:2      | HP: 1/33 [poisoned by an adder]
  1972 | D:2      | Found an opulent altar of Gozag.
  1975 | D:2      | Found a blossoming altar of Fedhas.
  1979 | D:2      | Found a white marble altar of Elyvilon.
  1979 | D:2      | Found a shadowy altar of Dithmenos.
  1979 | D:2      | Found a bloodstained altar of Trog.
  2063 | D:2      | Found a shattered altar of Ashenzari.
  2693 | D:3      | HP: 1/49 [something (2)]
  2695 | D:3      | Reached XP level 5. HP: 12/38 MP: 9/9
  2973 | D:3      | Noticed sefie's ghost (amateur DgSk)
  3420 | D:3      | Killed from afar by an orc wizard

Vault maps used:
D:1:      onia_arrival_larder, monster_avoids_cloud
D:2:      ashenzari_altar_1, grunt_temple_overflow_open, hex_tiny, st_stairs_4,
          uniq_crazy_yiuf_cottage
D:3:      guppyfry_early_orc_mine

Action                   |  1- 3 |  4- 6 || total
-------------------------+-------+-------++-------
Melee: Mace              |   109 |   262 ||   371
  Use: Scroll            |     3 |       ||     3
       Potion            |     1 |     4 ||     5
 Stab: Sleeping          |     5 |     9 ||    14
       Distracted        |       |     1 ||     1
  Eat: Chunk             |     2 |     4 ||     6
       Fruit             |       |     1 ||     1
